Map: Kairos Junction LE

Players

Indy

  • Race: Protoss Protoss
  • League: Grandmaster
  • Spawn Location: 11:00

Lambo - Winner!

  • Race: Zerg Zerg
  • League: Grandmaster
  • Spawn Location: 5:00

VOD

Have the link to the VOD?

Description

Time

  • Played on: Nov. 30, 2018, 2:30 p.m.
  • Length: 13:40
Show
View Real Time Build Order
Export as new Build Order

Indy Protoss 

Build Orders: 1 Gate Expand, Oracle Opening, Phoenix Opening, Chargelot Immortal, Mass Phoenix 

Get SALT Encoding   

  12  0:00  Probe  
  13  0:12  Probe  
  14  0:18  Pylon  
  14  0:24  Probe  
  15  0:32  Probe  
  15  0:41  Probe  
  16  0:44  Gateway  
  17  0:51  Probe  
  17  0:53  Assimilator  
  18  1:03  Probe  
  19  1:15  Probe  
  20  1:30  Nexus  
  20  1:39  Cybernetics Core  
  20  1:40  Probe  
  21  1:48  Assimilator  
  21  1:54  Probe  
  22  2:03  Pylon  
  22  2:06  Probe  
  23  2:12  Adept  
  23  2:21  Probe  
  26  2:27  Stargate  
  25  2:32  Probe  
  25  2:36  Warp Gate  
  26  2:38  Probe, Adept  
  26  2:40  Probe  
  29  2:46  Probe  
  29  2:48  Probe  
  31  2:56  Probe  
  32  2:59  Probe  
  34  3:08  Probe  
  34  3:11  Probe, Phoenix  
  38  3:20  Probe  
  38  3:23  Probe  
  40  3:33  Probe  
  41  3:35  Probe  
  41  3:36  Oracle  
  41  3:38  Gateway  
  41  3:40  Pylon  
  45  3:42  Assimilator  
  45  3:43  Assimilator  
  45  3:45  Probe  
  46  3:56  Probe x2  
  48  4:04  Probe  
  48  4:05  Probe  
  50  4:13  Probe x2  
  52  4:18  Stargate  
  52  4:22  Pylon  
  52  4:25  Probe x2  
  54  4:40  Probe x2, Phoenix  
  58  4:51  Nexus  
  58  4:52  Probe x2  
  60  4:53  Pylon  
  60  5:01  Adept  
  60  5:03  Phoenix  
  60  5:04  Phoenix  
  60  5:05  Pylon  
  60  5:06  Probe  
  62  5:11  Probe  
  67  5:18  Probe  
  67  5:20  Pylon  
  68  5:23  Probe  
  68  5:24  Zealot x2  
  68  5:26  Phoenix  
  68  5:27  Phoenix  
  73  5:30  Probe  
  78  5:38  Probe  
  78  5:39  Pylon  
  78  5:42  Probe  
  80  5:46  Phoenix  
  80  5:50  Probe  
  80  5:51  Phoenix  
  80  5:53  Pylon  
  80  5:54  Probe  
  86  6:02  Probe  
  87  6:06  Probe x2  
  91  6:13  Robotics Facility  
  91  6:15  Probe  
  91  6:18  Robotics Facility  
  90  6:20  Forge  
  90  6:21  Twilight Council  
  90  6:22  Probe x2  
  90  6:25  Sentry x2  
  94  6:27  Probe  
  95  6:37  Probe x2  
  95  6:44  Assimilator x2  
  95  6:45  Pylon  
  95  6:48  Protoss Ground Weapons Level 1, Charge  
  95  6:53  Immortal x2  
  93  6:56  Zealot x2  
  93  7:01  Templar Archives  
  105  7:16  Shield Battery  
  105  7:19  Photon Cannon x2  
  105  7:22  Shield Battery  
  105  7:23  Immortal  
  105  7:24  Pylon, Immortal  
  105  7:35  Psionic Storm  
  113  7:41  Pylon  
  113  7:44  High Templar x2  
  113  7:50  Gateway  
  117  7:52  Gateway  
  117  7:55  Gateway  
  117  7:57  Immortal  
  117  7:58  Immortal, Gateway  
  117  7:59  Gateway  
  117  8:01  Gateway  
  121  8:19  Pylon  
  121  8:23  High Templar x2  
  125  8:42  Immortal x2  
  125  8:45  Nexus  
  133  8:57  Photon Cannon  
  133  8:59  High Templar  
  133  9:00  High Templar, Photon Cannon  
  133  9:02  Photon Cannon  
  137  9:03  Photon Cannon  
  137  9:05  Photon Cannon  
  137  9:07  Photon Cannon  
  137  9:11  Stalker x3  
  137  9:12  Zealot x2  
  147  9:18  Immortal x2  
  147  9:23  Zealot  
  141  9:31  Probe x3  
  144  9:39  Zealot  
  144  9:40  Zealot  
  144  9:44  Pylon x2  
  144  9:45  Pylon  
  148  9:51  Observer  
  148  9:57  Protoss Ground Weapons Level 2  
  149  10:05  High Templar x2, Warp Prism  
  149  10:06  High Templar  
  155  10:08  Zealot  
  155  10:09  Zealot x4  
  165  10:15  Assimilator  
  165  10:17  Assimilator  
  164  10:23  Pylon  
  164  10:25  Gateway  
  159  10:29  Gateway  
  159  10:32  Zealot x3  
  159  10:34  Zealot  
  151  10:57  High Templar x7  
  156  11:03  Archon x3  
  164  11:05  High Templar  
  164  11:09  Archon  
  164  11:24  Fleet Beacon  
  152  11:26  Stargate  
  152  11:30  Zealot x8  
  152  11:31  Zealot  
  161  11:46  Zealot  
  155  11:57  Zealot x9  
  150  12:14  Zealot  
  150  12:15  Tempest x2  
  131  12:27  Tempest  
  121  12:32  Probe  
  113  12:39  High Templar x2  
  113  12:40  High Templar  
  78  13:16  Zealot x3  
  54  13:38  Archon  
Show
View Real Time Build Order
Export as new Build Order

Lambo Zerg - Winner!

Build Orders: Hatch First 

Get SALT Encoding   

  12  0:00  Drone  
  13  0:13  Overlord  
  13  0:17  Drone  
  14  0:32  Drone x2  
  16  0:47  Hatchery  
  15  0:51  Drone  
  16  0:58  Drone x2  
  18  1:11  Extractor  
  18  1:12  Spawning Pool  
  18  1:16  Drone  
  17  1:20  Drone  
  18  1:29  Drone  
  19  1:41  Drone  
  20  1:52  Overlord  
  20  1:59  Queen x2  
  20  2:00  Zergling x2  
  20  2:01  Zergling x2  
  26  2:11  Drone, Metabolic Boost  
  26  2:15  Drone  
  28  2:21  Drone  
  29  2:32  Hatchery  
  29  2:34  Drone  
  29  2:44  Drone  
  29  2:46  Drone, Overlord  
  29  2:47  Drone  
  32  2:56  Queen  
  34  2:58  Drone x2  
  36  3:06  Drone  
  37  3:13  Drone x4  
  37  3:15  Drone  
  41  3:29  Drone  
  41  3:32  Drone  
  43  3:37  Overlord  
  43  3:40  Overlord  
  43  3:43  Queen  
  43  3:44  Drone x3  
  43  3:46  Spore Crawler  
  47  3:49  Drone  
  47  3:50  Lair  
  47  3:52  Spore Crawler  
  47  3:58  Drone x4  
  47  4:00  Extractor  
  47  4:01  Extractor  
  49  4:04  Drone  
  49  4:05  Drone x2  
  52  4:10  Drone x2  
  52  4:13  Drone x2  
  56  4:24  Zergling x6  
  59  4:25  Drone x2  
  61  4:32  Overlord  
  61  4:33  Drone x2  
  63  4:40  Overlord  
  63  4:43  Overlord  
  63  4:51  Hydralisk Den  
  63  4:52  Drone x4  
  66  4:53  Overlord  
  66  4:54  Extractor  
  66  4:57  Drone  
  67  5:00  Drone x3  
  67  5:03  Drone  
  67  5:04  Drone x4  
  74  5:12  Drone x2  
  76  5:15  Spore Crawler  
  76  5:18  Drone  
  76  5:20  Muscular Augments  
  76  5:26  Extractor, Hydralisk x5  
  76  5:27  Extractor, Hydralisk x2  
  76  5:28  Evolution Chamber  
  87  5:31  Hydralisk  
  89  5:41  Overlord  
  89  5:43  Overlord x2  
  89  5:48  Overlord  
  89  5:49  Overlord  
  89  5:52  Overlord  
  89  5:59  Hydralisk x4  
  97  6:06  Zerg Missile Weapons Level 1  
  97  6:07  Hydralisk x2  
  101  6:11  Baneling Nest  
  101  6:13  Drone  
  101  6:14  Drone  
  101  6:15  Overseer  
  101  6:16  Hydralisk  
  104  6:19  Drone x2  
  104  6:24  Hydralisk x2  
  104  6:33  Hydralisk x3  
  108  6:40  Drone  
  108  6:43  Hydralisk x3  
  115  6:54  Grooved Spines  
  115  6:55  Drone x2  
  115  6:57  Hatchery, Overlord  
  116  7:04  Hydralisk x4  
  122  7:13  Hydralisk x2  
  122  7:14  Hydralisk  
  128  7:18  Drone x2  
  128  7:19  Drone x7  
  137  7:23  Infestation Pit, Drone  
  137  7:30  Drone x2  
  137  7:32  Drone  
  140  7:39  Pneumatized Carapace  
  140  7:40  Drone  
  140  7:41  Drone x2  
  140  7:42  Drone  
  144  7:44  Extractor  
  144  7:45  Spore Crawler  
  144  7:48  Extractor  
  141  7:57  Drone x4  
  141  7:58  Zergling x2  
  145  8:01  Zerg Missile Weapons Level 2  
  145  8:03  Hive  
  145  8:04  Overlord  
  145  8:05  Spire, Overlord  
  144  8:10  Overlord x2  
  144  8:20  Zergling x6, Hydralisk x2  
  144  8:23  Queen  
  153  8:31  Zergling x20  
  163  8:50  Hatchery  
  162  8:57  Evolution Chamber  
  161  9:03  Zergling x24  
  161  9:04  Baneling x5  
  173  9:12  Overlord  
  173  9:18  Overlord  
  173  9:20  Greater Spire  
  161  9:34  Zerg Melee Weapons Level 1  
  161  9:38  Centrifical Hooks  
  154  9:43  Extractor  
  154  9:44  Extractor, Corruptor x3  
  154  9:45  Corruptor x6  
  157  9:49  Zergling x14  
  157  9:51  Queen  
  174  9:54  Drone x3  
  174  9:55  Spine Crawler  
  174  9:56  Spine Crawler  
  174  9:57  Spine Crawler, Drone x2  
  174  9:59  Spine Crawler  
  175  10:00  Spine Crawler  
  175  10:04  Drone x3  
  175  10:07  Overseer  
  177  10:28  Adrenal Glands  
  176  10:34  Brood Lord  
  176  10:35  Brood Lord x8  
  190  10:46  Pathogen Glands  
  187  10:51  Baneling x2  
  187  10:53  Zergling x26  
  187  10:56  Queen  
  198  11:04  Baneling x6  
  196  11:27  Baneling x7  
  187  11:42  Hydralisk x5  
  191  12:00  Hydralisk x2  
  191  12:01  Hydralisk x2  
  195  12:15  Hydralisk x5  
  191  12:24  Hydralisk x7  
  179  12:33  Zergling x2, Hydralisk  
  179  12:34  Zergling x44  
  191  12:43  Hydralisk x3  
  191  12:44  Hydralisk x4  
  186  12:51  Hydralisk  
  186  12:52  Hydralisk x5  
  194  13:03  Drone x4  
  194  13:22  Overlord  
Tags
 
Add a new tag
Caveats
  • Supply blocks, unpowered buildings, or Contaminate may cause inaccurate times.
  • Supply counts are checked every 10 seconds.